 Dungeon Sprint DCSS version 0.17-a0-1667-g4ca74a1 (webtiles) character file.

49 Kidiri the Sneak (level 3, -1/16 HPs)
             Began as a Spriggan Enchanter on Aug 17, 2015.
             Slain by a wolf (2 damage)
             ... in the Dungeon (Sprint III: "The Ten Rune Challenge").
             The game lasted 00:01:02 (348 turns).

Kidiri the Sneak (Spriggan Enchanter)                Turns: 348, Time: 00:01:02

Health: -1/16      AC:  3    Str:  4    XL:     3   Next: 53%
Magic:  1/10       EV: 21    Int: 16    God:
Gold:   0          SH:  0    Dex: 17    Spells: 4 memorised, 2 levels left

rFire  . . .     SeeInvis +     a - +1 dagger
rCold  . . .     Clarity  .     b - +1 robe
rNeg   . . .     SustAt   .     (shield restricted)
rPois  .         Gourm    .     (helmet restricted)
rElec  .         Spirit   .     (no cloak)
rCorr  .         Warding  .     (gloves unavailable)
rMut   .         NoTele   +     (boots unavailable)
MR     .....                    (no amulet)
Stlth  ++++......               (no ring)
                                (no ring)

@: very slightly contaminated, hasted, very quick, not resistant to hostile
enchantments, stealthy
A: unfitting armour, see invisible, herbivore 3, speed 3, slow metabolism 2
a: no special abilities


You were in the Dungeon.
You were not hungry.

You visited 1 branch

Inventory:

Hand weapons
 a - a +1 dagger (weapon)
Armour
 b - a +1 robe (worn)
Scrolls
 j - a scroll of blinking
Potions
 e - 2 potions of curing
 f - a potion of heal wounds
 h - 2 potions of magic
 i - a potion of berserk rage
 k - 2 potions of cure mutation {unknown}
Books
 c - a book of Maledictions

   Spells                             Type                      Level
   a - Corona                         Hexes                        1
   b - Ensorcelled Hibernation        Hexes/Ice                    2
   c - Confuse                        Hexes                        3
   d - Tukima's Dance                 Hexes                        3
   e - Dazzling Spray                 Conjuration/Hexes            3
Comestibles
 d - a bread ration


   Skills:
 + Level 2.5 Short Blades
 * Level 5.9 Dodging
 * Level 7.1 Stealth
 * Level 4.9 Spellcasting
 + Level 4.4 Hexes
 + Level 0.4 Ice Magic


You had 2 spell levels left.
You knew the following spells:

 Your Spells              Type           Power        Failure   Level  Hunger
a - Corona                Hex            ###....      2%          1    None
b - Ensorcelled Hibernat  Hex/Ice        ##....       10%         2    ##.....
c - Confuse               Hex            ###.....     10%         3    ###....
d - Tukima's Dance        Hex            ###.....     10%         3    ###....


Dungeon Overview and Level Annotations

Branches:
Dungeon (1/1)

Altars:


Innate Abilities, Weirdness & Mutations

You are tiny and cannot use many weapons and most armour.
You have supernaturally acute eyesight.
You are a herbivore.
You cover ground extremely quickly.
You need consume almost no food.


Message History

The wolf resists with some effort.
The wolf completely misses you. The wolf barely misses you.
Casting: Ensorcelled Hibernation
Confirm with . or Enter, or press ? or * to list all spells.
Aiming: Ensorcelled Hibernation
Press: ? - help, Shift-Dir - straight line, f/p - wolf
Aim: a wolf (chance to defeat MR: 42%)
The wolf resists with some effort.
The wolf misses you. The wolf misses you.
Casting: Ensorcelled Hibernation
Confirm with . or Enter, or press ? or * to list all spells.
Aiming: Ensorcelled Hibernation
Press: ? - help, Shift-Dir - straight line, f/p - wolf
Aim: a wolf (chance to defeat MR: 42%)
The wolf resists with some effort.
The wolf bites you!
Ouch! That really hurt!
The wolf bites you.
* * * LOW HITPOINT WARNING * * *
Drink which item? (? for menu, Esc to quit)
You feel yourself speed up. The wolf bites you.
You die...

▓..%..#....≈.♣♣♣♣.#
▓.....#...≈≈♣♣♣...#
▓....(#..≈≈≈≈.♣♣♣.+
▓####'#..≈≈≈≈≈≈♣♣.#
▓...%.#.≈≈≈≈≈≈...%#
▓...[.#.≈≈≈≈≈.....#
▓.....#.≈≈≈.......#
▓'#####...........#
▓....@h...........#
▓▓▓▓▓▓▓▓▓▓▓▓▓▓▓▓▓▓▓


You could see a wolf.

Vanquished Creatures
  Jessica (D)
  A human (D)
  An ooze (D)
  2 rats (D)
5 creatures vanquished.

Vanquished Creatures (others)
  2 draconian scorchers (D)
  2 yaktaurs (D)
4 creatures vanquished.

Grand Total: 9 creatures vanquished

Notes
Turn   | Place    | Note
--------------------------------------------------------------
     0 | D        | Kidiri the Spriggan Enchanter began the quest for the Orb.
     0 | D        | Reached XP level 1. HP: 9/9 MP: 5/5
     4 | D        | Reached skill level 5 in Stealth
    19 | D        | Noticed Jessica
    22 | D        | Killed Jessica
    22 | D        | Reached skill level 5 in Dodging
    22 | D        | Reached skill level 6 in Stealth
    22 | D        | Reached XP level 2. HP: 10/13 MP: 5/8
    22 | D        | Reached XP level 3. HP: 12/16 MP: 6/10
    24 | D        | Killed a yaktaur
   103 | D        | Learned a level 2 spell: Ensorcelled Hibernation
   107 | D        | Learned a level 3 spell: Confuse
   111 | D        | Learned a level 3 spell: Tukima's Dance
   137 | D        | Reached skill level 7 in Stealth
   233 | D        | Killed a white draconian scorcher
   243 | D        | Killed a white draconian scorcher
   286 | D        | Killed a yaktaur
   330 | D        | Noticed a wolf
   348 | D        | Slain by a wolf

Vault maps used:
D:        dungeon_sprint_mu

Action                   || total
-------------------------++-------
Melee: Dagger            ||    16
 Cast: Ensorcelled Hiber ||     7
       Confuse           ||     1
  Use: Potion            ||     1
 Stab: Sleeping          ||     3
